 Dungeon Crawl Stone Soup version 0.21.1 (webtiles) character file.

54989 tidbits the Martial Artist (level 14, 0/109 HPs)
             Began as a Gnoll Transmuter on Feb 3, 2018.
             Was a High Priest of Cheibriados.
             Slain by a stone giant (33 damage)
             ... in a wizard's laboratory on Feb 4, 2018.
             The game lasted 01:32:09 (5970 turns).

tidbits the Martial Artist (Gnoll Transmuter)       Turns: 5970, Time: 01:32:09

Health: 0/109      AC:  6    Str: 26    XL:     14   Next: 75%
Magic:  37/37      EV: 23    Int: 35    God:    Cheibriados [*****.]
Gold:   1055       SH:  0    Dex: 30    Spells: 9/34 levels left

rFire    . . .     SeeInvis .     - Unarmed
rCold    . . .     Gourm    .   (shield currently unavailable)
rNeg     . . .     Faith    +   B - +1 troll leather armour
rPois    .         Spirit   .   (helmet restricted)
rElec    .         Reflect  .   (no cloak)
rCorr    .         Harm     .   (gloves currently unavailable)
MR       ++...     Clarity  +   (no boots)
Stlth    ++++++....             X - amulet of Broken Luck {Faith Int+4 Dex+2}
HPRegen  0.68/turn              u - ring of magical power
MPRegen  0.25/turn              H - ring of protection from magic

@: blade hands, very slow
A: distributed training, antennae 1, fangs 1, camouflage 1, clarity, strong nose
a: End Transformation, Bend Time, Temporal Distortion, Slouch, Step From Time,
Renounce Religion


You were in a wizard's laboratory.
You worshipped Cheibriados.
Cheibriados was extremely pleased with you.
You were full.
You had blades for hands.
You visited 5 branches of the dungeon, and saw 21 of its levels.
You also visited: Labyrinth, Ice Cave and Wizlab.

You collected 1412 gold pieces.
You spent 357 gold pieces at shops.

Inventory:

Hand Weapons
 a - a +2 war axe of electrocution
   (You found it on level 14 of the Dungeon)
 b - a +0 dagger (melded)
 e - a +2 broad axe
 g - a +0 blowgun
 k - a +2 morningstar
 l - a +0 war axe of chopping
   (You took it off an orc on level 7 of the Dungeon)
 t - the +8 halberd "Biri" {freeze, *Contam rN+++ Str+2}
   (You found it in an ice cave)

   It has been specially enchanted to freeze those struck by it, causing extra
   injury to most foes and up to half again as much damage against particularly
   susceptible opponents.
   It can also slow down cold-blooded creatures.
   It affects your strength (+2).
   It renders you almost immune to negative energy.
   It causes magical contamination when unequipped.
Missiles
 f - 21 tomahawks
 q - a throwing net {!f}
 A - 4 curare-tipped needles
 P - 8 javelins of returning (quivered)
 T - 2 javelins
 V - 122 arrows
Armour
 j - the +1 robe of Twilight {+Blink rC+ MP+9}
   (You found it on level 6 of the Dungeon)

   It protects you from cold.
   It affects your magic capacity (+9).
   It lets you blink.
 v - +0 fire dragon scales
 y - a +2 robe of magic resistance
   (You took it off Sigmund on level 5 of the Dungeon)
 B - a +1 troll leather armour (worn)
 D - a +0 buckler (melded)
 E - a +1 helmet
 G - a +2 pair of gloves (melded)
Magical Staves
 w - an uncursed staff of wizardry {!a}
   (You found it on level 14 of the Dungeon)
Jewellery
 i - an uncursed ring of positive energy
   (You found it on level 12 of the Dungeon)
 s - an uncursed ring of protection from cold
   (You found it on level 1 of the Dungeon)
 u - a ring of magical power (left scythe-like blade)
   (You found it on level 1 of the Dungeon)
 H - a ring of protection from magic (right scythe-like blade)
   (You bought it in a shop on level 1 of the Orcish Mines)
 I - an uncursed ring of see invisible
   (You found it on level 14 of the Dungeon)
 K - an uncursed ring of resist corrosion
   (You took it off a minotaur in a labyrinth)
 X - the amulet of Broken Luck (around neck) {Faith Int+4 Dex+2}
   (You found it in a labyrinth)

   [amulet of faith]

   It allows you to gain divine favour quickly.
   It affects your intelligence (+4).
   It affects your dexterity (+2).
Wands
 d - a wand of digging (10)
 J - a wand of enslavement (1)
 U - a wand of polymorph (11)
 Y - a wand of iceblast (16)
Scrolls
 r - 2 scrolls of remove curse
 L - 3 scrolls of teleportation
 O - 2 scrolls of amnesia
 W - a scroll of vulnerability
Potions
 m - 2 potions of might
 n - a potion of mutation {!q}
 o - a potion of ambrosia
 p - a potion of cancellation
 C - 7 potions of flight
 F - a potion of magic
 M - 4 potions of curing
Books
 x - a book of Maledictions
   (You found it on level 12 of the Dungeon)

   Spells                             Type                      Level
   a - Corona                         Hexes                        1
   b - Ensorcelled Hibernation        Hexes/Ice                    2
   c - Confuse                        Hexes                        3
   d - Tukima's Dance                 Hexes                        3
   e - Dazzling Spray                 Conjuration/Hexes            3
 R - a book of the Warp
   (You found it in a labyrinth)

   Spells                             Type                      Level
   a - Gell's Gravitas                Translocation                3
   b - Portal Projectile              Hexes/Translocation          3
   c - Force Lance                    Conjuration/Translocation    4
   d - Dispersal                      Translocation                6
   e - Controlled Blink               Translocation                8
   f - Disjunction                    Translocation                8
 Z - a book of Death
   (You found it in a labyrinth)

   Spells                             Type                      Level
   a - Corpse Rot                     Necromancy                   2
   b - Sublimation of Blood           Necromancy                   2
   c - Agony                          Necromancy                   5
   d - Dispel Undead                  Necromancy                   5
   e - Excruciating Wounds            Charms/Necromancy            5
   f - Bolt of Draining               Conjuration/Necromancy       5
Comestibles
 c - 31 rations


   Skills:
 + Level 9.7 Fighting
 + Level 9.3 Short Blades
 + Level 9.3 Long Blades
 + Level 9.3 Axes
 + Level 9.3 Maces & Flails
 + Level 9.3 Polearms
 + Level 9.3 Staves
 + Level 9.3 Slings
 + Level 9.3 Bows
 + Level 9.3 Crossbows
 + Level 9.3 Throwing
 + Level 9.3 Armour
 + Level 10.3 Dodging
 + Level 9.3 Stealth
 + Level 9.3 Shields
 + Level 11.2 Unarmed Combat
 + Level 10.5 Spellcasting
 + Level 7.8 Conjurations
 + Level 7.8 Hexes
 + Level 7.8 Charms
 + Level 7.8 Summonings
 + Level 7.8 Necromancy
 + Level 7.8 Translocations
 + Level 8.7 Transmutations
 + Level 7.8 Fire Magic
 + Level 7.8 Ice Magic
 + Level 7.8 Air Magic
 + Level 7.8 Earth Magic
 + Level 7.8 Poison Magic
 + Level 10.1 Invocations
 + Level 9.3 Evocations


You had 9 spell levels left.
You knew the following spells:

 Your Spells              Type           Power        Failure   Level  Hunger
c - Confuse               Hex            ######..     10%         3    None
e - Beastly Appendage     Tmut           ######       6%          1    None
h - Blade Hands           Tmut           ######....   21%         5    ##.....
i - Ice Form              Ice/Tmut       ######..     14%         4    None
k - Sticks to Snakes      Tmut           ######..     7%          2    None
p - Spider Form           Tmut/Pois      ######....   10%         3    None
u - Dispel Undead         Necr           ######..     26%         5    ##.....
Z - Sublimation of Blood  Necr           ######....   8%          2    None


Dungeon Overview and Level Annotations

Branches:
Dungeon (15/15)            Temple (1/1) D:4             Orc (2/2) D:11
    Elf (2/3) Orc:2        Vaults (0/5) D:13         Depths (1/5) D:15
   Lair: D:8-11

Altars:
Ashenzari
Cheibriados
Dithmenos
Gozag
Hepliaklqana
Makhleb
Nemelex Xobeh
Okawaru
Qazlal
Ru
Sif Muna
Trog
Uskayaw
Vehumet
Wu Jian
Yredelemnul
The Shining One
Beogh

Shops:
D:9 %   Orc:1 *[   Orc:2 %([*(

Portals:
Hell: Depths:1


Innate Abilities, Weirdness & Mutations

Your experience applies equally to all skills.
You have very sharp teeth.
Your uncanny sense of smell can sniff out nearby items.
You have a pair of small antennae on your head.
Your skin changes colour to match your surroundings (Stealth+).
You possess an exceptional clarity of mind.


Message History

You hear the stately crackle of a magical portal nearby.
The helpless mace of draining fails to defend itself.
You perforate the mace of draining like a sieve!!!!
The mace of draining falls from the air.
Cheibriados thoroughly appreciates the change of pace.
Cheibriados raises the support of your attributes as your movement slows.
You see here a mace of draining.
You see here a potion of curing.
M - 4 potions of curing (gained 1)
There is a stone staircase leading down here.
You climb downwards.
Found a ration.
Found a stone staircase leading down.
There is a stone staircase leading up here.
You climb upwards.
You hear the crackle of arcane power.
There is an entrance to a wizard's laboratory on this level!
Hurry and find it before the portal closes forever!
There is a stone staircase leading down here.
Found a ration.
Found 2 potions of berserk rage.
Found a magical portal.
You hear the stately crackle of a magical portal.
There is a magical portal here.
Wield which item (- for none, * to show all)? (? for menu, Esc to quit)
e - a +2 broad axe (weapon)
Wield which item (- for none, * to show all)? (? for menu, Esc to quit)
b - a +0 dagger (weapon)
Drop what? 48/52 slots (_ for help) (? for menu, Esc to quit)
Okay, then.
Okay, then.
Okay, then.
The world spins around you as you enter the gateway.
You enter a wizard's laboratory!
Welcome to Lehudib's Moon Base!
Found a portal leading out of this place.
There is an empty arch of ancient stone here.
Unknown command.
Memorise Dispel Undead, consuming 5 spell levels and leaving 9?
You start memorising the spell.
You continue memorising. x5
You finish memorising.
Spell assigned to 'a'.
Adjust (i)tems, (s)pells, or (a)bilities?
Adjust which spell? a - Dispel Undead Adjust to which letter? u - Dispel Undead
Okay, then.
Okay, then.
Okay, then.
Adjust (i)tems, (s)pells, or (a)bilities?
Adjust which item? (? for menu, Esc to quit)
P - a +0 blowgun Adjust to which letter? (? for menu, Esc to quit)
g - a +0 blowgun;
P - 8 javelins of returning (quivered)
Adjust (i)tems, (s)pells, or (a)bilities?
Adjust which item? (? for menu, Esc to quit)
N - a +2 war axe of electrocution Adjust to which letter? (? for menu, Esc to quit)
a - a +2 war axe of electrocution;
N - a potion of heal wounds
Okay, then.
A tentacled starspawn comes into view.
Press: ? - help, v - describe, . - travel
Here: a tentacled starspawn (resting)
The floor.
A tentacled starspawn is nearby!
Casting: Blade Hands
Confirm with . or Enter, or press ? or * to list all spells.
Your hands turn into razor-sharp scythe blades.
Your +0 dagger melds into your body.
Your +2 pair of gloves melds into your body.
Your +0 buckler melds into your body.
Tentacles burst from the starspawn's body! 2 starspawn tentacles come into view.
You shred the starspawn tentacle!!!
You destroy the starspawn tentacle!
You slash the starspawn tentacle!
Your bite misses the starspawn tentacle.
The starspawn tentacle is moderately damaged.
The starspawn tentacle barely misses you.
You slice the tentacled starspawn!!
The tentacled starspawn is heavily damaged.
The starspawn tentacle misses you.
You slash the tentacled starspawn!
The tentacled starspawn is severely damaged.
A tentacle flies out from the starspawn's body!
The starspawn tentacle completely misses you.
A starspawn tentacle comes into view.
You slash the tentacled starspawn!
The tentacled starspawn is severely damaged.
The tentacled starspawn bites you! The tentacled starspawn engulfs you!
You slice the tentacled starspawn!!
You destroy the tentacled starspawn!
Cheibriados appreciates the change of pace.
The starspawn's tentacles wither and die.
A stone giant comes into view.
The stone giant throws a large rock.
The large rock hits you!!!
The stone giant throws a large rock.
The large rock hits you!!!
* * * LOW HITPOINT WARNING * * *
You see here 2 large rocks.
You feel much better.
The stone giant throws a large rock.
The large rock completely misses you. The stone giant hits you!!
You die...

##...##
##.....
##...###......
##........#
##.......##
#........# ∆
##...##...#
#....## ...#
#....(## ..#
###..@.# ..#
##C......##
###....##∆
##.## ∆ ##


You could see a stone giant.

Vanquished Creatures
  Saint Roka (Orc:2)
  A tentacled starspawn (WizLab)
  A frost giant (IceCv)
  2 orc warlords
  A minotaur (Lab)
  A fire dragon (Depths:1)
  An ettin (Orc:2)
  The ghost of Arthanis the Arsonist, a journeyman DEFE of Vehumet (D:14)
  A hydra (D:15)
  5 two-headed ogres
  A centaur warrior (D:13)
  A dancing weapon (Elf:1)
  2 tengu warriors
  An orc high priest (Orc:2)
  A shadow wraith (D:13)
  An unseen horror (D:14)
  A necromancer (D:15)
  4 deep elf magi
  12 ugly things
  3 orc knights (Orc:2)
  2 orc sorcerers
  A cyclops (Orc:2)
  A naga mage (D:15)
  3 centaur zombies
  4 kobold demonologists
  A yaktaur (D:15)
  A redback zombie (D:15)
  8 trolls
  A slime creature (D:15)
  13 polar bears (IceCv)
  A hornet (D:12)
  Prince Ribbit (D:5)
  8 hippogriffs
  A spriggan (D:9)
  Sigmund (D:5)
  A centaur simulacrum (D:15)
  24 yaks
  2 basilisks
  4 hungry ghosts (Lab)
  A vampire mosquito (D:13)
  2 wargs
  An acid dragon (D:12)
  A water moccasin (D:10)
  A soldier ant (D:13)
  28 orc warriors
  An ice beast (D:9)
  3 sky beasts
  3 black bears
  7 ogres
  8 wolves (IceCv)
  6 centaurs
  A crocodile (D:13)
  A big kobold (D:15)
  Blork the orc (D:4)
  2 wyvern zombies
  2 wyvern skeletons
  7 scorpions
  21 killer bees
  9 wights
  2 howler monkeys (D:5)
  A bullfrog zombie (D:12)
  A bullfrog skeleton (D:6)
  2 jellies
  A quasit (D:7)
  8 centaur skeletons
  9 orc priests
  A hound (D:7)
  2 iguanas
  24 orc wizards
  A hound skeleton (D:9)
  Robin (D:3)
  7 adders
  4 shadow imps
  12 white imps (D:12)
  An ooze (D:7)
  2 dart slugs (D:1)
  89 orcs
  3 giant cockroaches
  5 goblins
  12 hobgoblins
  6 jackals
  A quokka (D:5)
  4 bats
  3 frilled lizards
  10 kobolds
  5 rats
  A starspawn tentacle (WizLab)
444 creatures vanquished.

Vanquished Creatures (collateral kills)
  A deep troll (D:15)
  3 ugly things (D:15)
  A cyclops (D:12)
  A harpy skeleton (D:15)
  A hippogriff (D:7)
  A sky beast (D:12)
  4 centaurs (D:15)
  A scorpion (D:7)
  3 killer bees
  A wight (D:13)
  A crimson imp (D:9)
  An orc priest (Orc:2)
  3 centaur skeletons
  A worker ant (D:12)
  A worker ant zombie (D:9)
  A shadow imp (D:12)
  6 orcs
  A jackal (D:5)
  2 kobolds
34 creatures vanquished.

Vanquished Creatures (others)
  A two-headed ogre (D:15)
  An ugly thing (D:14)
  A meliai (shapeshifter) (D:15)
  A yak (D:10)
  2 orc warriors (Orc:2)
  A wolf (IceCv)
  An orc (Orc:2)
  4 plants (D:11)
  2 starspawn tentacles (WizLab)
14 creatures vanquished.

Grand Total: 492 creatures vanquished

Notes
Turn   | Place    | Note
-------+----------+-------------------------------------------
     0 | D:1      | tidbits the Gnoll Transmuter began the quest for the Orb.
     0 | D:1      | Reached XP level 1. HP: 17/17 MP: 6/6
   112 | D:2      | Reached XP level 2. HP: 16/23 MP: 5/7
   155 | D:2      | Learned a level 2 spell: Sticks to Snakes
   212 | D:1      | Found an iron altar of Okawaru.
   229 | D:1      | Reached XP level 3. HP: 20/28 MP: 9/9
   234 | D:1      | Learned a level 3 spell: Spider Form
   260 | D:1      | Reached skill level 5 in Spellcasting
   322 | D:2      | Reached skill level 1 in Short Blades
   322 | D:2      | Reached skill level 1 in Long Blades
   322 | D:2      | Reached skill level 1 in Axes
   322 | D:2      | Reached skill level 1 in Maces & Flails
   322 | D:2      | Reached skill level 1 in Polearms
   322 | D:2      | Reached skill level 1 in Staves
   322 | D:2      | Reached skill level 1 in Slings
   322 | D:2      | Reached skill level 1 in Bows
   322 | D:2      | Reached skill level 1 in Crossbows
   322 | D:2      | Reached skill level 1 in Throwing
   322 | D:2      | Reached skill level 1 in Armour
   322 | D:2      | Reached skill level 1 in Stealth
   322 | D:2      | Reached skill level 1 in Shields
   322 | D:2      | Reached skill level 1 in Invocations
   322 | D:2      | Reached skill level 1 in Evocations
   322 | D:2      | Reached XP level 4. HP: 25/34 MP: 4/11
   407 | D:3      | Noticed Robin
   430 | D:2      | Reached skill level 1 in Conjurations
   430 | D:2      | Reached skill level 1 in Hexes
   430 | D:2      | Reached skill level 1 in Charms
   430 | D:2      | Reached skill level 1 in Summonings
   430 | D:2      | Reached skill level 1 in Necromancy
   430 | D:2      | Reached skill level 1 in Translocations
   430 | D:2      | Reached skill level 1 in Fire Magic
   430 | D:2      | Reached skill level 1 in Ice Magic
   430 | D:2      | Reached skill level 1 in Air Magic
   430 | D:2      | Reached skill level 1 in Earth Magic
   430 | D:2      | Reached skill level 1 in Poison Magic
   480 | D:3      | Killed Robin
   480 | D:3      | Reached XP level 5. HP: 18/40 MP: 9/12
   513 | D:4      | Noticed Blork the orc
   549 | D:4      | Killed Blork the orc
   549 | D:4      | Reached skill level 3 in Fighting
   549 | D:4      | Reached skill level 4 in Transmutations
   659 | D:4      | Found a staircase to the Ecumenical Temple.
   667 | Temple   | Entered the Ecumenical Temple
   703 | Temple   | Became a worshipper of Cheibriados the Contemplative
   778 | D:4      | Found a sparkling altar of Nemelex Xobeh.
   827 | D:5      | Entered Level 5 of the Dungeon
   841 | D:5      | Reached skill level 2 in Invocations
   841 | D:5      | Reached XP level 6. HP: 36/47 MP: 13/13
   869 | D:5      | Reached skill level 5 in Dodging
   916 | D:5      | Noticed Prince Ribbit
   922 | D:5      | Noticed Sigmund
   924 | D:5      | Killed Prince Ribbit
   924 | D:5      | Reached skill level 2 in Short Blades
   924 | D:5      | Reached skill level 2 in Long Blades
   924 | D:5      | Reached skill level 2 in Axes
   924 | D:5      | Reached skill level 2 in Maces & Flails
   924 | D:5      | Reached skill level 2 in Polearms
   924 | D:5      | Reached skill level 2 in Staves
   924 | D:5      | Reached skill level 2 in Slings
   924 | D:5      | Reached skill level 2 in Bows
   924 | D:5      | Reached skill level 2 in Crossbows
   924 | D:5      | Reached skill level 2 in Throwing
   924 | D:5      | Reached skill level 2 in Armour
   924 | D:5      | Reached skill level 2 in Stealth
   924 | D:5      | Reached skill level 2 in Shields
   924 | D:5      | Reached skill level 2 in Evocations
   924 | D:5      | Reached XP level 7. HP: 30/52 MP: 15/15
   932 | D:5      | Killed Sigmund
   932 | D:5      | Reached skill level 7 in Unarmed Combat
   932 | D:5      | Reached skill level 2 in Conjurations
   932 | D:5      | Reached skill level 2 in Hexes
   932 | D:5      | Reached skill level 2 in Charms
   932 | D:5      | Reached skill level 2 in Summonings
   932 | D:5      | Reached skill level 2 in Necromancy
   932 | D:5      | Reached skill level 2 in Translocations
   932 | D:5      | Reached skill level 2 in Fire Magic
   932 | D:5      | Reached skill level 2 in Ice Magic
   932 | D:5      | Reached skill level 2 in Air Magic
   932 | D:5      | Reached skill level 2 in Earth Magic
   932 | D:5      | Reached skill level 2 in Poison Magic
   942 | D:5      | Reached * piety under Cheibriados
   980 | D:4      | Found a basalt altar of Yredelemnul.
   980 | D:4      | Found a glowing golden altar of the Shining One.
   980 | D:4      | Found a deep blue altar of Sif Muna.
   980 | D:4      | Found a stormy altar of Qazlal.
  1085 | D:6      | Reached skill level 3 in Invocations
  1095 | D:6      | Reached XP level 8. HP: 56/60 MP: 16/16
  1256 | D:6      | Got a twisted robe
  1281 | D:6      | Identified the cursed +1 robe of Twilight {+Blink rC+ MP+9} (You found it on level 6 of the Dungeon)
  1304 | D:6      | Reached skill level 4 in Fighting
  1304 | D:6      | Reached skill level 3 in Short Blades
  1304 | D:6      | Reached skill level 3 in Long Blades
  1304 | D:6      | Reached skill level 3 in Axes
  1304 | D:6      | Reached skill level 3 in Maces & Flails
  1304 | D:6      | Reached skill level 3 in Polearms
  1304 | D:6      | Reached skill level 3 in Staves
  1304 | D:6      | Reached skill level 3 in Slings
  1304 | D:6      | Reached skill level 3 in Bows
  1304 | D:6      | Reached skill level 3 in Crossbows
  1304 | D:6      | Reached skill level 3 in Throwing
  1304 | D:6      | Reached skill level 3 in Armour
  1304 | D:6      | Reached skill level 3 in Stealth
  1304 | D:6      | Reached skill level 3 in Shields
  1304 | D:6      | Reached skill level 3 in Evocations
  1389 | D:7      | Reached skill level 6 in Spellcasting
  1413 | D:7      | Noticed a hippogriff
  1421 | D:7      | Killed a hippogriff
  1439 | D:7      | Reached ** piety under Cheibriados
  1495 | D:8      | Found a hide-covered altar of Uskayaw.
  1662 | D:9      | Found a shattered altar of Ashenzari.
  1670 | D:9      | Reached skill level 4 in Invocations
  1701 | D:10     | Entered Level 10 of the Dungeon
  1717 | D:9      | Noticed a spriggan baker
  1726 | D:9      | Killed a spriggan baker
  1726 | D:9      | Reached skill level 6 in Dodging
  1726 | D:9      | Reached skill level 3 in Conjurations
  1726 | D:9      | Reached skill level 3 in Hexes
  1726 | D:9      | Reached skill level 3 in Charms
  1726 | D:9      | Reached skill level 3 in Summonings
  1726 | D:9      | Reached skill level 3 in Necromancy
  1726 | D:9      | Reached skill level 3 in Translocations
  1726 | D:9      | Reached skill level 3 in Fire Magic
  1726 | D:9      | Reached skill level 3 in Ice Magic
  1726 | D:9      | Reached skill level 3 in Air Magic
  1726 | D:9      | Reached skill level 3 in Earth Magic
  1726 | D:9      | Reached skill level 3 in Poison Magic
  1726 | D:9      | Reached XP level 9. HP: 28/66 MP: 18/18
  1791 | D:9      | Found Exkeufun's Food Shop.
  1799 | D:9      | Reached skill level 5 in Transmutations
  1962 | D:9      | Reached skill level 4 in Short Blades
  1962 | D:9      | Reached skill level 4 in Long Blades
  1962 | D:9      | Reached skill level 4 in Axes
  1962 | D:9      | Reached skill level 4 in Maces & Flails
  1962 | D:9      | Reached skill level 4 in Polearms
  1962 | D:9      | Reached skill level 4 in Staves
  1962 | D:9      | Reached skill level 4 in Slings
  1962 | D:9      | Reached skill level 4 in Bows
  1962 | D:9      | Reached skill level 4 in Crossbows
  1962 | D:9      | Reached skill level 4 in Throwing
  1962 | D:9      | Reached skill level 4 in Armour
  1962 | D:9      | Reached skill level 4 in Stealth
  1962 | D:9      | Reached skill level 4 in Shields
  1962 | D:9      | Reached skill level 4 in Evocations
  2262 | D:10     | Reached skill level 5 in Fighting
  2338 | D:10     | Reached skill level 8 in Unarmed Combat
  2399 | D:10     | Reached *** piety under Cheibriados
  2422 | D:10     | Reached skill level 5 in Invocations
  2481 | D:10     | Gained mutation: You possess an exceptional clarity of mind. [potion of mutation]
  2481 | D:10     | Gained mutation: Your skin changes colour to match your surroundings (Stealth+). [potion of mutation]
  2481 | D:10     | Gained mutation: Your mind is acute. (Int +2) [potion of mutation]
  2481 | D:10     | Gained mutation: You have a pair of small antennae on your head. [potion of mutation]
  2553 | D:10     | Learned a level 5 spell: Blade Hands
  2556 | D:10     | Reached skill level 7 in Spellcasting
  2556 | D:10     | Reached XP level 10. HP: 51/74 MP: 20/20
  2558 | D:10     | Reached skill level 4 in Conjurations
  2558 | D:10     | Reached skill level 4 in Hexes
  2558 | D:10     | Reached skill level 4 in Charms
  2558 | D:10     | Reached skill level 4 in Summonings
  2558 | D:10     | Reached skill level 4 in Necromancy
  2558 | D:10     | Reached skill level 4 in Translocations
  2558 | D:10     | Reached skill level 4 in Fire Magic
  2558 | D:10     | Reached skill level 4 in Ice Magic
  2558 | D:10     | Reached skill level 4 in Air Magic
  2558 | D:10     | Reached skill level 4 in Earth Magic
  2558 | D:10     | Reached skill level 4 in Poison Magic
  2601 | D:9      | Noticed a two-headed ogre
  2610 | D:9      | Killed a two-headed ogre
  2610 | D:9      | Reached skill level 5 in Short Blades
  2610 | D:9      | Reached skill level 5 in Long Blades
  2610 | D:9      | Reached skill level 5 in Axes
  2610 | D:9      | Reached skill level 5 in Maces & Flails
  2610 | D:9      | Reached skill level 5 in Polearms
  2610 | D:9      | Reached skill level 5 in Staves
  2610 | D:9      | Reached skill level 5 in Slings
  2610 | D:9      | Reached skill level 5 in Bows
  2610 | D:9      | Reached skill level 5 in Crossbows
  2610 | D:9      | Reached skill level 5 in Throwing
  2610 | D:9      | Reached skill level 5 in Armour
  2610 | D:9      | Reached skill level 5 in Stealth
  2610 | D:9      | Reached skill level 5 in Shields
  2610 | D:9      | Reached skill level 5 in Evocations
  2731 | D:11     | Reached skill level 7 in Dodging
  2769 | D:12     | Learned a level 4 spell: Ice Form
  2787 | D:12     | Reached **** piety under Cheibriados
  2787 | D:12     | Reached skill level 6 in Fighting
  2821 | D:11     | Reached skill level 6 in Transmutations
  2821 | D:11     | Reached skill level 6 in Invocations
  2878 | D:12     | Paralysed by a hornet for 2 turns
  2912 | D:12     | Found a frozen archway.
  2922 | IceCv    | Entered an ice cave
  2948 | IceCv    | Reached ***** piety under Cheibriados
  2948 | IceCv    | Reached XP level 11. HP: 39/81 MP: 22/22
  2995 | IceCv    | Reached skill level 9 in Unarmed Combat
  3026 | IceCv    | Reached skill level 6 in Short Blades
  3026 | IceCv    | Reached skill level 6 in Long Blades
  3026 | IceCv    | Reached skill level 6 in Axes
  3026 | IceCv    | Reached skill level 6 in Maces & Flails
  3026 | IceCv    | Reached skill level 6 in Polearms
  3026 | IceCv    | Reached skill level 6 in Staves
  3026 | IceCv    | Reached skill level 6 in Slings
  3026 | IceCv    | Reached skill level 6 in Bows
  3026 | IceCv    | Reached skill level 6 in Crossbows
  3026 | IceCv    | Reached skill level 6 in Throwing
  3026 | IceCv    | Reached skill level 6 in Armour
  3026 | IceCv    | Reached skill level 6 in Stealth
  3026 | IceCv    | Reached skill level 6 in Shields
  3026 | IceCv    | Reached skill level 6 in Evocations
  3031 | IceCv    | Reached skill level 5 in Conjurations
  3031 | IceCv    | Reached skill level 5 in Hexes
  3031 | IceCv    | Reached skill level 5 in Charms
  3031 | IceCv    | Reached skill level 5 in Summonings
  3031 | IceCv    | Reached skill level 5 in Necromancy
  3031 | IceCv    | Reached skill level 5 in Translocations
  3031 | IceCv    | Reached skill level 5 in Fire Magic
  3031 | IceCv    | Reached skill level 5 in Ice Magic
  3031 | IceCv    | Reached skill level 5 in Air Magic
  3031 | IceCv    | Reached skill level 5 in Earth Magic
  3031 | IceCv    | Reached skill level 5 in Poison Magic
  3115 | IceCv    | Got a sapphire halberd
  3135 | IceCv    | Noticed a frost giant
  3144 | IceCv    | Killed a frost giant
  3144 | IceCv    | Reached skill level 8 in Spellcasting
  3191 | IceCv    | Reached skill level 7 in Invocations
  3196 | IceCv    | Reached skill level 7 in Fighting
  3196 | IceCv    | Reached skill level 8 in Dodging
  3317 | D:12     | Identified the +8 halberd "Biri" {freeze, *Contam rN+++ Str+2} (You found it in an ice cave)
  3331 | D:12     | Noticed a brown ugly thing
  3339 | D:12     | Killed a brown ugly thing
  3398 | D:12     | Learned a level 3 spell: Confuse
  3405 | D:12     | Noticed a cyan ugly thing
  3415 | D:12     | Killed a cyan ugly thing
  3415 | D:12     | Reached XP level 12. HP: 49/91 MP: 24/24
  3464 | D:12     | Reached skill level 7 in Transmutations
  3543 | D:12     | Noticed a two-headed ogre
  3545 | D:12     | Killed a two-headed ogre
  3545 | D:12     | Reached skill level 7 in Short Blades
  3545 | D:12     | Reached skill level 7 in Long Blades
  3545 | D:12     | Reached skill level 7 in Axes
  3545 | D:12     | Reached skill level 7 in Maces & Flails
  3545 | D:12     | Reached skill level 7 in Polearms
  3545 | D:12     | Reached skill level 7 in Staves
  3545 | D:12     | Reached skill level 7 in Slings
  3545 | D:12     | Reached skill level 7 in Bows
  3545 | D:12     | Reached skill level 7 in Crossbows
  3545 | D:12     | Reached skill level 7 in Throwing
  3545 | D:12     | Reached skill level 7 in Armour
  3545 | D:12     | Reached skill level 7 in Stealth
  3545 | D:12     | Reached skill level 7 in Shields
  3545 | D:12     | Reached skill level 7 in Evocations
  3600 | D:13     | Noticed a two-headed ogre
  3607 | D:13     | Killed a two-headed ogre
  3695 | D:13     | Found a labyrinth entrance.
  3700 | Lab      | Entered a labyrinth
  3855 | Lab      | Noticed a minotaur
  3866 | Lab      | Killed a minotaur
  3866 | Lab      | Reached skill level 6 in Conjurations
  3866 | Lab      | Reached skill level 6 in Hexes
  3866 | Lab      | Reached skill level 6 in Charms
  3866 | Lab      | Reached skill level 6 in Summonings
  3866 | Lab      | Reached skill level 6 in Necromancy
  3866 | Lab      | Reached skill level 6 in Translocations
  3866 | Lab      | Reached skill level 6 in Fire Magic
  3866 | Lab      | Reached skill level 6 in Ice Magic
  3866 | Lab      | Reached skill level 6 in Air Magic
  3866 | Lab      | Reached skill level 6 in Earth Magic
  3866 | Lab      | Reached skill level 6 in Poison Magic
  3874 | Lab      | Got a wavering jade amulet
  3875 | Lab      | Identified the amulet of Broken Luck {Faith Int+4 Dex+2} (You found it in a labyrinth)
  3885 | Lab      | Learned a level 2 spell: Sublimation of Blood
  3906 | D:13     | Reached skill level 8 in Invocations
  3932 | D:13     | Reached skill level 9 in Spellcasting
  3935 | D:13     | Found a gate to the Vaults.
  4033 | D:13     | Reached ****** piety under Cheibriados
  4070 | D:13     | Noticed a two-headed ogre
  4081 | D:13     | Killed a two-headed ogre
  4082 | D:13     | Noticed a centaur warrior
  4087 | D:13     | Killed a centaur warrior
  4087 | D:13     | Reached skill level 8 in Fighting
  4087 | D:13     | Reached skill level 10 in Unarmed Combat
  4202 | D:12     | Reached skill level 9 in Dodging
  4342 | D:14     | Reached XP level 13. HP: 96/98 MP: 26/26
  4362 | D:15     | Entered Level 15 of the Dungeon
  4415 | D:15     | Found a basalt altar of Yredelemnul.
  4460 | D:15     | Reached skill level 8 in Short Blades
  4460 | D:15     | Reached skill level 8 in Long Blades
  4460 | D:15     | Reached skill level 8 in Axes
  4460 | D:15     | Reached skill level 8 in Maces & Flails
  4460 | D:15     | Reached skill level 8 in Polearms
  4460 | D:15     | Reached skill level 8 in Staves
  4460 | D:15     | Reached skill level 8 in Slings
  4460 | D:15     | Reached skill level 8 in Bows
  4460 | D:15     | Reached skill level 8 in Crossbows
  4460 | D:15     | Reached skill level 8 in Throwing
  4460 | D:15     | Reached skill level 8 in Armour
  4460 | D:15     | Reached skill level 8 in Stealth
  4460 | D:15     | Reached skill level 8 in Shields
  4460 | D:15     | Reached skill level 8 in Evocations
  4644 | D:15     | Reached skill level 9 in Invocations
  4647 | D:15     | Found a staircase to the Depths.
  4667 | Depths:1 | Entered Level 1 of the Depths
  4667 | Depths:1 | Found a gateway to Hell.
  4667 | Depths:1 | Noticed a fire dragon
  4671 | Depths:1 | Killed a fire dragon
  4671 | Depths:1 | Reached skill level 8 in Transmutations
  4776 | D:15     | Reached skill level 7 in Conjurations
  4776 | D:15     | Reached skill level 7 in Hexes
  4776 | D:15     | Reached skill level 7 in Charms
  4776 | D:15     | Reached skill level 7 in Summonings
  4776 | D:15     | Reached skill level 7 in Necromancy
  4776 | D:15     | Reached skill level 7 in Translocations
  4776 | D:15     | Reached skill level 7 in Fire Magic
  4776 | D:15     | Reached skill level 7 in Ice Magic
  4776 | D:15     | Reached skill level 7 in Air Magic
  4776 | D:15     | Reached skill level 7 in Earth Magic
  4776 | D:15     | Reached skill level 7 in Poison Magic
  4870 | D:14     | Lost mutation: Your mind is acute. (Int +2) [a neqoxec]
  4872 | D:14     | Reached skill level 9 in Fighting
  4907 | D:14     | Noticed Arthanis's ghost (journeyman DEFE)
  4913 | D:14     | Killed Arthanis's ghost
  4921 | D:14     | Reached skill level 10 in Spellcasting
  5112 | D:12     | Reached XP level 14. HP: 108/108 MP: 28/28
  5188 | D:11     | Found a staircase to the Orcish Mines.
  5209 | D:11     | Found a roughly hewn altar of Beogh.
  5219 | Orc:1    | Entered Level 1 of the Orcish Mines
  5219 | Orc:1    | Found Lomidil's Assorted Antiques.
  5243 | Orc:1    | Bought a scroll labeled JUWUITAKAJ for 29 gold pieces
  5243 | Orc:1    | Bought a large garnet ring for 145 gold pieces
  5243 | Orc:1    | Bought a steel ring for 145 gold pieces
  5253 | Orc:2    | Entered Level 2 of the Orcish Mines
  5298 | Orc:2    | Found a roughly hewn altar of Beogh.
  5354 | Orc:2    | Found a roughly hewn altar of Beogh.
  5375 | Orc:2    | Noticed an orc warlord
  5394 | Orc:2    | Killed an orc warlord
  5399 | Orc:2    | Reached skill level 10 in Dodging
  5416 | Orc:2    | Found Uwnuugua's Assorted Antiques.
  5421 | Orc:2    | Found a staircase to the Elven Halls.
  5430 | Orc:2    | Bought a scroll labeled WIOGIU XIKHUDINOO for 38 gold pieces
  5458 | Orc:2    | Found a roughly hewn altar of Beogh.
  5475 | Orc:2    | Found Siataywo's Weapon Shop.
  5504 | Orc:2    | Found a roughly hewn altar of Beogh.
  5543 | Orc:1    | Noticed an orc warlord
  5554 | Orc:1    | Killed an orc warlord
  5554 | Orc:1    | Reached skill level 9 in Short Blades
  5554 | Orc:1    | Reached skill level 9 in Long Blades
  5554 | Orc:1    | Reached skill level 9 in Axes
  5554 | Orc:1    | Reached skill level 9 in Maces & Flails
  5554 | Orc:1    | Reached skill level 9 in Polearms
  5554 | Orc:1    | Reached skill level 9 in Staves
  5554 | Orc:1    | Reached skill level 9 in Slings
  5554 | Orc:1    | Reached skill level 9 in Bows
  5554 | Orc:1    | Reached skill level 9 in Crossbows
  5554 | Orc:1    | Reached skill level 9 in Throwing
  5554 | Orc:1    | Reached skill level 9 in Armour
  5554 | Orc:1    | Reached skill level 9 in Stealth
  5554 | Orc:1    | Reached skill level 9 in Shields
  5554 | Orc:1    | Reached skill level 11 in Unarmed Combat
  5554 | Orc:1    | Reached skill level 9 in Evocations
  5606 | Orc:1    | Found Gebytedu's Armour Emporium.
  5665 | Orc:2    | Noticed Saint Roka
  5689 | Orc:2    | Killed Saint Roka
  5689 | Orc:2    | Reached skill level 10 in Invocations
  5721 | Orc:2    | Found Dopoydir's Antique Armour Shoppe.
  5722 | Orc:2    | Found a roughly hewn altar of Beogh.
  5724 | Orc:2    | Found Vemapneo's Antique Weapon Emporium.
  5792 | Orc:2    | Found a roughly hewn altar of Beogh.
  5810 | Orc:2    | Found Kaytt's Food Boutique.
  5867 | Elf:1    | Entered Level 1 of the Elven Halls
  5924 | Elf:1    | Found a magical portal.
  5935 | WizLab   | Entered Lehudib's Moon Base
  5942 | WizLab   | Learned a level 5 spell: Dispel Undead
  5950 | WizLab   | Noticed a tentacled starspawn
  5961 | WizLab   | Killed a tentacled starspawn
  5963 | WizLab   | Noticed a stone giant
  5970 | WizLab   | Slain by a stone giant

Skill      XL: |  1  2  3  4  5  6  7  8  9 10 11 12 13 14 |
---------------+-------------------------------------------+-----
Spellcasting   | 5 6 7 8 9 10 | 10.5
Short Blades   | 1 2 3 4 5 6 7 8 9 |  9.3
Long Blades    | 1 2 3 4 5 6 7 8 9 |  9.3
Axes           | 1 2 3 4 5 6 7 8 9 |  9.3
Maces & Flails | 1 2 3 4 5 6 7 8 9 |  9.3
Polearms       | 1 2 3 4 5 6 7 8 9 |  9.3
Staves         | 1 2 3 4 5 6 7 8 9 |  9.3
Slings         | 1 2 3 4 5 6 7 8 9 |  9.3
Bows           | 1 2 3 4 5 6 7 8 9 |  9.3
Crossbows      | 1 2 3 4 5 6 7 8 9 |  9.3
Throwing       | 1 2 3 4 5 6 7 8 9 |  9.3
Armour         | 1 2 3 4 5 6 7 8 9 |  9.3
Stealth        | 1 2 3 4 5 6 7 8 9 |  9.3
Shields        | 1 2 3 4 5 6 7 8 9 |  9.3
Invocations    | 1 2 3 4 5 6 7 8 9 10 | 10.1
Evocations     | 1 2 3 4 5 6 7 8 9 |  9.3
Conjurations   | 1 2 3 4 5 6 7 |  7.8
Hexes          | 1 2 3 4 5 6 7 |  7.8
Charms         | 1 2 3 4 5 6 7 |  7.8
Summonings     | 1 2 3 4 5 6 7 |  7.8
Necromancy     | 1 2 3 4 5 6 7 |  7.8
Translocations | 1 2 3 4 5 6 7 |  7.8
Fire Magic     | 1 2 3 4 5 6 7 |  7.8
Ice Magic      | 1 2 3 4 5 6 7 |  7.8
Air Magic      | 1 2 3 4 5 6 7 |  7.8
Earth Magic    | 1 2 3 4 5 6 7 |  7.8
Poison Magic   | 1 2 3 4 5 6 7 |  7.8
Fighting       | 3 4 5 6 7 8 9 |  9.7
Transmutations | 4 5 6 7 8 |  8.7
Dodging        | 5 6 7 8 9 10 | 10.3
Unarmed Combat | 7 8 9 10 11 | 11.2

Action                   |  1- 3 |  4- 6 |  7- 9 | 10-12 | 13-15 || total
-------------------------+-------+-------+-------+-------+-------++-------
Melee: Unarmed           |    41 |    64 |   205 |   295 |   195 ||   800
       Headbutt          |     3 |       |       |       |       ||     3
       Punch             |     2 |       |     2 |    16 |    18 ||    38
       Bite              |     1 |       |     1 |    62 |    35 ||    99
       Dagger            |       |     1 |     6 |     5 |    19 ||    31
       Halberd           |       |       |       |     5 |       ||     5
       Flail             |       |       |       |     8 |     2 ||    10
       War axe           |       |       |       |       |    20 ||    20
 Fire: Blowgun           |       |       |       |       |    13 ||    13
Throw: Stone             |       |       |     2 |       |       ||     2
       Javelin           |       |       |     2 |       |       ||     2
       Throwing net      |       |       |       |     1 |       ||     1
 Cast: Beastly Appendage |     5 |       |       |       |       ||     5
       Spider Form       |     4 |    11 |    27 |       |       ||    42
       Sticks to Snakes  |     1 |     6 |    30 |     9 |    14 ||    60
       Blade Hands       |       |       |     1 |    36 |    24 ||    61
       Ice Form          |       |       |       |     1 |       ||     1
       Confuse           |       |       |       |     1 |     1 ||     2
Invok: Bend Time         |       |       |     1 |     6 |     5 ||    12
       Slouch            |       |       |       |       |    16 ||    16
 Abil: End Transformatio |       |       |       |     4 |     5 ||     9
Evoke: Wand              |       |     3 |     2 |    14 |    19 ||    38
  Use: Potion            |       |     1 |     7 |     4 |     4 ||    16
       Scroll            |       |       |    13 |     4 |     8 ||    25
 Stab: Sleeping          |     2 |     1 |     4 |     9 |    15 ||    31
       Distracted        |       |       |     7 |     1 |     3 ||    11
       Held in net/web   |       |       |       |     2 |       ||     2
       Confused          |       |       |       |       |     1 ||     1
  Eat: Chunk             |       |     1 |     3 |     8 |     2 ||    14
       Ration            |       |       |       |     1 |     3 ||     4
Armor: Robe              |     5 |     7 |     7 |     4 |       ||    23
       Skin              |     1 |     6 |    56 |     3 |     9 ||    75
       Troll leather arm |       |       |       |    28 |    27 ||    55
Dodge: Dodged            |    23 |    68 |   222 |   300 |   236 ||   849
Block: Buckler           |       |       |       |    10 |    27 ||    37

Table legend:
 A = Turns spent in this place as a percentage of turns spent in the entire game.
 B = Non-inter-level travel turns spent in this place as a percentage of non-inter-level travel turns spent in the entire game.
 C = Inter-level travel turns spent in this place as a percentage of turns spent in this place.
 D = Turns resting spent in this place as a percentage of non-inter-level travel turns spent in this place.
 E = Turns spent auto-exploring this place as a percentage of non-inter-level travel turns spent in this place.
 F = Non-inter-level travel turns spent in this place divided by the number of levels of this place that you've seen.
                   A       B       C       D       E      F
               +-------+-------+-------+-------+-------+----------------------
         Total | 100.0 | 100.0 |   1.4 |   0.0 |   0.0 | 245.4
       Dungeon |  76.5 |  77.1 |   0.6 |   0.0 |   0.0 | 302.5
        Temple |   1.1 |   0.6 |  43.3 |   0.0 |   0.0 |  38.0
  Orcish Mines |  10.9 |  10.6 |   3.9 |   0.0 |   0.0 | 311.5
   Elven Halls |   1.1 |   1.2 |   0.0 |   0.0 |   0.0 |  34.0
        Depths |   0.3 |   0.3 |   0.0 |   0.0 |   0.0 |  17.0
     Labyrinth |   3.1 |   3.2 |   0.0 |   0.0 |   0.0 | 186.0
      Ice Cave |   6.4 |   6.5 |   0.0 |   0.0 |   0.0 | 384.0
        Wizlab |   0.6 |   0.6 |   0.0 |   0.0 |   0.0 |  35.0
               +-------+-------+-------+-------+-------+----------------------

Table legend:
 A = Kills in this place as a percentage of kills in entire the game.
 B = Kills by you in this place as a percentage of kills by you in the entire game.
 C = Kills by friends in this place as a percentage of kills by friends in the entire game.
 D = Other kills in this place as a percentage of other kills in the entire game.
 E = Experience gained in this place as a percentage of experience gained in the entire game.
 F = Experience gained in this place divided by the number of levels of this place that you have seen.
                   A       B       C       D       E      F
               +-------+-------+-------+-------+-------+----------------------
         Total | 100.0 | 100.0 | 100.0 |   N/A | 100.0 | 3273.2
       Dungeon |  63.5 |  61.4 |  91.2 |   N/A |  55.2 | 2893.1
  Orcish Mines |  27.5 |  28.9 |   8.8 |   N/A |  25.0 | 9822.5
   Elven Halls |   0.4 |   0.5 |   0.0 |   N/A |   1.8 | 705.5
        Depths |   0.2 |   0.2 |   0.0 |   N/A |   1.3 | 1033.0
     Labyrinth |   1.0 |   1.1 |   0.0 |   N/A |   2.3 | 1799.0
      Ice Cave |   7.1 |   7.7 |   0.0 |   N/A |  11.5 | 9009.0
        Wizlab |   0.2 |   0.2 |   0.0 |   N/A |   2.9 | 2264.0
               +-------+-------+-------+-------+-------+----------------------

Vault maps used:
D:1:      dpeg_arrival_prison, minmay_hexomino_r4
D:2:      lemuel_doored_altar, small_statue_intersection
D:3:      doesnt_xom_only_xom, uniq_robin, uniq_natasha
D:4:      nicolae_overflow_hidden_temple, lemuel_round_altar,
          old_standard_altar, minmay_temple_entry_statues_fountains,
          uniq_blork_the_orc
D:5:      first_ration, cheibrodos_sewer_entry_bend, uniq_sigmund,
          uniq_prince_ribbit1
D:6:      minitemple, serial_shops, shop, minmay_ogre_servants, uniq_edmund
D:8:      eat_drink_and_be_merry_uskayaw
D:9:      ashenzari_conservatory_becter, serial_shops, nicolae_shop_stone,
          the_bakery, serial_bayou_lagoon_a, uniq_grum
D:10:     eino_jars
D:11:     wad_woods_stonehenge, minmay_orc_entry_temple_small, uniq_maurice
D:12:     portal_ice_cave_entry_imps
D:13:     david_vaults_4, lab_entry_generic
D:15:     grunt_enter_depths_magical_seal, yredelemnul_altar_generic
Temple:   jpeg_temple_island
Orc:1:    basic_altar, serial_shops, nicolae_shop_waterfront, shop, shop
Orc:2:    grunt_orc_community_town_hall, grunt_orc_community_big_house_2,
          grunt_orc_community_big_house_2, grunt_orc_community_house_3,
          grunt_orc_community_house_1, grunt_orc_community_house_2,
          grunt_orc_community_house_1, grunt_orc_community_house_3,
          serial_shops, shop_statue, basic_altar
Elf:1:    mu_enter_wizlab_5, kennysheep_underground_church, wad_floor_pattern_1
Elf:2:    serial_corexii_hall, corexii_hall_statues_i, corexii_hall_statues_t,
          minmay_misc_feat_five, st_stairs_9, uniq_aizul
Depths:1: enter_ziggurat_b, kennysheep_minor_cross, hell_entry,
          roderic_serpentine_path, st_stairs_8, minmay_misc_feat_doors,
          aerie_lemuel, uniq_asterion
Lab:      labyrinth_watery, labyrinth_lava_lair, nicolae_lab_plus, lab_statue
IceCv:    ice_cave_small_giant
WizLab:   wizlab_lehudib
